 Dungeon Crawl Stone Soup version 0.29.1-12-g30fa7ad0bf (webtiles) character file.

Game seed: 18428020356447950757

128 booth the Cruncher (level 5, -3/37 HPs)
             Began as a Gnoll Wanderer on Jan 14, 2023.
             Was a Believer of Lugonu.
             Slain by Crazy Yiuf
             ... wielding a +4 quarterstaff of chaos
              (7 damage)
             ... on level 3 of the Dungeon.
             The game lasted 00:18:35 (2800 turns).

booth the Cruncher (Gnoll Wanderer)                 Turns: 2800, Time: 00:18:36

Health: -3/37      AC:  7    Str: 13    XL:     5   Next: 11%
Magic:  7/7        EV: 13    Int: 11    God:    Lugonu [**....]
Gold:   152        SH:  5    Dex: 12    Spells: 6/6 levels left

rFire   . . .      SeeInvis .   a - +3 quarterstaff
rCold   . . .      Faith    .   (shield currently unavailable)
rNeg    . . .      Spirit   .   c - +0 scale mail
rPois   .          Reflect  +   (no helmet)
rElec   .          Harm     .   (no cloak)
rCorr   +          Rampage  .   (no gloves)
Will    .....                   (no boots)
Stlth   +.........              g - amulet of reflection
HPRegen 0.12/turn               k - +4 ring of evasion
MPRegen 0.10/turn               h - ring of resist corrosion

@: lethally poisoned (-3 -> -7), slowed, very slow
A: fangs 1, strong nose, distributed training
a: Renounce Religion, Depart the Abyss, Bend Space


You were on level 3 of the Dungeon.
You worshipped Lugonu.
Lugonu was pleased with you.
You visited 1 branch of the dungeon, and saw 3 of its levels.

You collected 152 gold pieces.

Inventory:

Hand Weapons
 a - a +3 quarterstaff (weapon)
Missiles
 l - 4 poisoned darts (quivered)
Armour
 c - a +0 scale mail (worn)
Jewellery
 g - an amulet of reflection (around neck)
 h - a ring of resist corrosion (right hand)
 i - an amulet of regeneration
 k - a +4 ring of evasion (left hand)
 m - a +6 ring of intelligence
Scrolls
 b - a scroll of silence
 e - 4 scrolls of identify
 j - a scroll of enchant armour
 n - a scroll of poison
 o - a scroll of vulnerability
 p - a scroll of summoning {unknown}
 q - a scroll of blinking {unknown}
Potions
 f - 3 potions of heal wounds
 r - a potion of attraction {unknown}


   Skills:
 + Level 1.4 Fighting
 + Level 1.4 Short Blades
 + Level 1.4 Long Blades
 + Level 1.4 Axes
 + Level 1.4 Maces & Flails
 + Level 1.4 Polearms
 + Level 8.6 Staves
 + Level 1.4 Ranged Weapons
 + Level 1.4 Throwing
 + Level 6.7 Armour
 + Level 1.4 Dodging
 + Level 2.7 Stealth
 + Level 1.4 Shields
 + Level 1.4 Unarmed Combat
 + Level 1.4 Spellcasting
 + Level 1.1 Conjurations
 + Level 1.1 Hexes
 + Level 1.1 Summonings
 + Level 1.1 Necromancy
 + Level 1.1 Translocations
 + Level 1.1 Transmutations
 + Level 1.1 Fire Magic
 + Level 1.1 Ice Magic
 + Level 1.1 Air Magic
 + Level 1.1 Earth Magic
 + Level 1.1 Poison Magic
 + Level 3.0 Invocations
 + Level 2.9 Evocations


You had 6 spell levels left.
You didn't know any spells.
Your spell library contained the following spells:

 Spells                   Type           Power      Damage    Failure   Level
 Beastly Appendage        Tmut           6%         N/A       58%         1
 Wereblood                Tmut           3%         N/A       75%         2
 Spider Form              Tmut/Pois      3%         N/A       92%         3


Dungeon Overview and Level Annotations

Branches:
Dungeon (3/15)

Altars:
Elyvilon
Xom
Zin
Lugonu

Annotations:
D:3 Crazy Yiuf


Innate Abilities, Weirdness & Mutations

You have very sharp teeth.
Your uncanny sense of smell can sniff out nearby items.
Your experience applies equally to all skills.


Message History

You hit the dart slug.
The dart slug is heavily wounded.
You sock the dart slug!
You kill the dart slug!
Lugonu accepts your kill.
You start resting.
HP restored.
Found a hammer.
Found a runed translucent door.
Crazy Yiuf shouts!
Crazy Yiuf grits, "Iron!
Hack infinity disdain."
Crazy Yiuf twirls on the spot.
You open the door. You closely miss Crazy Yiuf. Crazy Yiuf closely misses you.
You hit Crazy Yiuf.
Crazy Yiuf is moderately wounded.
Crazy Yiuf hits you but does no damage.
You feel yourself slow down.
You hit Crazy Yiuf but do no damage.
Crazy Yiuf is moderately wounded.
Crazy Yiuf hits you with a +4 quarterstaff of chaos!
You are poisoned.
You hit Crazy Yiuf but do no damage.
Crazy Yiuf is moderately wounded.
You feel very sick. You block Crazy Yiuf's attack.
You hit Crazy Yiuf.
Crazy Yiuf is heavily wounded.
You feel very sick.
Crazy Yiuf hits you with a +4 quarterstaff of chaos!
* * * LOW HITPOINT WARNING * * *
Crazy Yiuf barely misses you.
You hit Crazy Yiuf but do no damage. Your bite misses Crazy Yiuf.
Crazy Yiuf is heavily wounded.
* * * LOW HITPOINT WARNING * * *
You feel sick. Crazy Yiuf barely misses you.
As you read the scroll of fear, it crumbles to dust.
You assume a fearsome visage.
Crazy Yiuf resists with some effort.
* * * LOW HITPOINT WARNING * * *
You feel sick.
Crazy Yiuf hits you with a +4 quarterstaff of chaos!
You die...

###.............#..#
####........
...........#########
#.......####
###......###
####.#..# #.######
##### #.#.># #.#
#..)# #.#..#### #.#
#...# #........ #.#
... ###..#.## #.#
#g# #..#.#. #.# ♣♣@♣
#####..#.#. ###.#
♣.♣♣ #......#...
.##.### ♣♣.♣
#.###.####. .##...#
♣.♣♣ #.# #.# #.
.##.#.# ♣♣.♣♣ #.#
#.# ##. .##...######
♣...♣♣ #.###.###.#
...........# ♣....♣
##.....##.##
.###.####..# #....#
#........## .# #.#
#..# #+..+#
#.........##


You could see Crazy Yiuf.

Vanquished Creatures
  An iguana (D:3)
  3 adders
  An ufetubus (D:2)
  4 dart slugs
  7 orcs
  6 endoplasms
  3 giant cockroaches
  A goblin (D:2)
  6 hobgoblins
  4 jackals (D:2)
  3 quokkas
  6 ball pythons
  2 bats (D:1)
  4 frilled lizards
  2 kobolds (D:2)
  2 rats
55 creatures vanquished.

Notes
Turn   | Place    | Note
-------+----------+-------------------------------------------
     0 | D:1      | booth the Gnoll Wanderer began the quest for the Orb.
     0 | D:1      | booth set off with the following items: a +2 quarterstaff,
                  | a scroll of silence, a +0 scale mail, a scroll of fear.
     0 | D:1      | Reached XP level 1. HP: 13/13 MP: 2/2
   262 | D:1      | Reached XP level 2. HP: 19/19 MP: 3/3
   834 | D:2      | Reached XP level 3. HP: 25/25 MP: 4/4
  1061 | D:2      | Reached skill level 1 in Fighting
  1061 | D:2      | Reached skill level 1 in Short Blades
  1061 | D:2      | Reached skill level 1 in Long Blades
  1061 | D:2      | Reached skill level 1 in Axes
  1061 | D:2      | Reached skill level 1 in Maces & Flails
  1061 | D:2      | Reached skill level 1 in Polearms
  1061 | D:2      | Reached skill level 1 in Ranged Weapons
  1061 | D:2      | Reached skill level 1 in Throwing
  1061 | D:2      | Reached skill level 1 in Dodging
  1061 | D:2      | Reached skill level 1 in Shields
  1061 | D:2      | Reached skill level 1 in Unarmed Combat
  1061 | D:2      | Reached skill level 1 in Spellcasting
  1071 | D:2      | Found a white marble altar of Elyvilon.
  1183 | D:2      | Reached XP level 4. HP: 29/32 MP: 6/6
  1416 | D:2      | Found a faded altar of an unknown god.
  1433 | D:2      | Prayed at the altar of an unknown god.
  1433 | D:2      | Became a worshipper of Lugonu the Unformed
  1433 | D:2      | Reached * piety under Lugonu
  1433 | D:2      | Reached ** piety under Lugonu
  2018 | D:3      | Reached skill level 1 in Conjurations
  2018 | D:3      | Reached skill level 1 in Hexes
  2018 | D:3      | Reached skill level 1 in Summonings
  2018 | D:3      | Reached skill level 1 in Necromancy
  2018 | D:3      | Reached skill level 1 in Translocations
  2018 | D:3      | Reached skill level 1 in Transmutations
  2018 | D:3      | Reached skill level 1 in Fire Magic
  2018 | D:3      | Reached skill level 1 in Ice Magic
  2018 | D:3      | Reached skill level 1 in Air Magic
  2018 | D:3      | Reached skill level 1 in Earth Magic
  2018 | D:3      | Reached skill level 1 in Poison Magic
  2030 | D:3      | Found a shimmering altar of Xom.
  2302 | D:3      | Reached XP level 5. HP: 37/37 MP: 7/7
  2338 | D:3      | Found a glowing silver altar of Zin.
  2789 | D:3      | Found a runed translucent door.
  2790 | D:3      | Noticed Crazy Yiuf
  2800 | D:3      | Slain by Crazy Yiuf

Illustrated notes

Levels and vault maps discovered:
D:1:      lemuel_arrival_broad_hall, layout_basic, minmay_pentomino_v4
D:2:      layout_basic, shapermc_ecumenical_altar_pompeii, basic_altar,
          grunt_ministairs_15
D:3:      layout_loops_ring, xom_teletrap_fun, zin_scriptorium,
          kennysheep_flooded_box, corexii_leaking_fountain,
          uniq_crazy_yiuf_cottage

Skill      XL: |  1  2  3  4 |
---------------+-------------+-----
Fighting       | 1 |  1.4
Short Blades   | 1 |  1.4
Long Blades    | 1 |  1.4
Axes           | 1 |  1.4
Maces & Flails | 1 |  1.4
Polearms       | 1 |  1.4
Ranged Weapons | 1 |  1.4
Throwing       | 1 |  1.4
Dodging        | 1 |  1.4
Shields        | 1 |  1.4
Unarmed Combat | 1 |  1.4
Spellcasting   | 1 |  1.4
Conjurations   | 1 |  1.1
Hexes          | 1 |  1.1
Summonings     | 1 |  1.1
Necromancy     | 1 |  1.1
Translocations | 1 |  1.1
Transmutations | 1 |  1.1
Fire Magic     | 1 |  1.1
Ice Magic      | 1 |  1.1
Air Magic      | 1 |  1.1
Earth Magic    | 1 |  1.1
Poison Magic   | 1 |  1.1
Invocations    | 3 |  3.0
Staves         | |  8.6
Armour         | |  6.7
Stealth        | |  2.7
Evocations     | |  2.9

Action                   |  1- 3 |  4- 6 || total
-------------------------+-------+-------++-------
Melee: Quarterstaff      |    82 |    58 ||   140
       Bite              |     3 |     5 ||     8
Throw: Dart              |       |     6 ||     6
  Use: Scroll            |     3 |     5 ||     8
Armor: Scale mail        |    36 |    12 ||    48
Dodge: Dodged            |    29 |    26 ||    55
Block: Other             |     9 |    10 ||    19
